 Dungeon Crawl Stone Soup version 0.31-a0-564-g3b7de120b3 (webtiles) character file.

Game seed: 17994870325629874421

196 Arcadio the Caller (level 5, 0/28 HPs)
             Began as a Deep Elf Summoner on Aug 17, 2023.
             Was a Follower of Lugonu.
             Succumbed to Duvessa's poison
             ... on level 4 of the Dungeon.
             The game lasted 00:10:30 (3450 turns).

Arcadio the Caller (Deep Elf Summoner)              Turns: 3450, Time: 00:10:30

Health: 0/28       AC:  5    Str:  5    XL:     5   Next: 45%
Magic:  11/14      EV: 14    Int: 22    God:    Lugonu [*.....]
Gold:   136        SH:  0    Dex: 15    Spells: 1/14 levels left

rFire   + . .        e - +0 dagger
rCold   + . .        (no shield)
rNeg    . . .        d - +2 robe {Will+}
rPois   +            (no helmet)
rElec   +            f - +0 cloak
rCorr   +            (no gloves)
SInv    .            (no boots)
Will    ++...        (no amulet)
Stlth   ++           (no ring)
HPRegen 0.24/turn    (no ring)
MPRegen 0.14/turn

%: no passive effects
@: lethally poisoned (0 -> -6), resistant, enlightened, flying
A: no striking features
a: Renounce Religion, Depart the Abyss


You were on level 4 of the Dungeon.
You worshipped Lugonu.
Lugonu was aware of your devotion.
You visited 1 branch of the dungeon, and saw 4 of its levels.

You collected 136 gold pieces.

Inventory:

Hand Weapons
 c - a +0 whip
 e - a +0 dagger (weapon)
 o - a +0 rapier
Missiles
 n - 3 throwing nets
Armour
 a - a +0 robe
 d - a +2 robe of willpower (worn)
 f - a +0 cloak (worn)
Magical Staves
 t - a staff of fire
Jewellery
 i - an amulet of reflection
Scrolls
 h - 2 scrolls of amnesia {unknown}
 l - 2 scrolls of fog {unknown}
 m - a scroll of enchant armour
 p - a scroll of fear {unknown}
 q - a scroll of teleportation {unknown}
 r - a scroll of identify
 s - a scroll of blinking {unknown}
 u - a scroll of brand weapon {unknown}
Potions
 b - a potion of magic


   Skills:
 + Level 4.5 Dodging
 - Level 2.4 Stealth
 + Level 5.0 Spellcasting
 + Level 5.5 Summonings


You had one spell level left.
You knew the following spells:

 Your Spells              Type           Power      Damage    Failure   Level
a - Summon Small Mammal   Summ           100%       N/A       1%          1
b - Call Imp              Summ           60%        N/A       1%          2
c - Call Canine Familiar  Summ           30%        N/A       3%          3
d - Summon Guardian Gole  Hex/Summ       17%        N/A       10%         3
e - Summon Lightning Spi  Summ/Air       17%        N/A       32%         4

Your spell library contained the following spells:

 Spells                   Type           Power      Damage    Failure   Level
 Dazzling Flash           Conj/Hex       10%        N/A       30%         3
 Agony                    Necr           5%         N/A       95%         5
 Silence                  Hex/Air        2%         N/A       95%         5


Dungeon Overview and Level Annotations

Branches:
Dungeon (4/15) Zot: 20547
 Temple: D:4-7

Altars:
Elyvilon
Vehumet
Lugonu

Annotations:
D:4 Dowan, Duvessa


Message History

Your hound bites Duvessa but does no damage.
Dowan hits your hound with a +2 dagger of venom.
Duvessa closely misses you.
Your rat bites Duvessa but does no damage.
Your hound bites Duvessa but does no damage.
You hit Duvessa but do no damage.
Duvessa is heavily wounded.
You feel sick. Duvessa closely misses you.
Dowan hits your hound with a +2 dagger of venom.
Your hound closely misses Dowan.
Duvessa hits you with a +0 short sword of venom!
You are lethally poisoned!
Your rat bites Duvessa but does no damage.
* * * LOW HITPOINT WARNING * * *
You feel sick.
Your hound bites Dowan.
Dowan hits your hound with a +2 dagger of venom!
Your hound barely misses Dowan.
Your rat closely misses Duvessa.
Unknown command.
As you read the scroll labelled BIUTZA GOEGU, it crumbles to dust.
It is a scroll of identify.
m - a scroll of enchant armour;
r - a scroll of identify;
f - a +0 cloak (worn)
* * * LOW HITPOINT WARNING * * *
You feel very sick. Duvessa barely misses you.
The orc misses something.
Your hound bites Dowan.
Dowan gestures wildly while chanting.
Dowan blinks!
Your rat bites Duvessa but does no damage.
Duvessa hits your rat with a +0 short sword of venom.
Your rat dies!
Your rat's corpse disappears in a puff of smoke!
Duvessa shouts!
It was a potion of resistance.
You feel protected.
* * * LOW HITPOINT WARNING * * *
You feel sick. Duvessa barely misses you.
Your hound bites Duvessa but does no damage.
It was a potion of enlightenment.
You feel very buoyant.
You fly up into the air.
You die...

#. ######## #. #......# #.
#......# #. #......# #. #......#
#. #......########## #.
#......#........# #.
###....[.#he@.....##########.
..........†.o5........'..>.......
#............#........###.#######
#........############## #.#
.........# #.# .........# #.#
.......... #.# .......... #.# ..#


You could see Duvessa (fast, ally target), an orc, a friendly hound (summoned)
and a friendly cerulean imp (summoned).

Vanquished Creatures
  3 dart slugs
  A ball python (D:3)
  5 bats (D:1)
  2 endoplasms
  A giant cockroach (D:3)
  4 goblins
  A hobgoblin (D:3)
  2 kobolds (D:1)
  A quokka (D:1)
  2 rats (D:1)
22 creatures vanquished.

Vanquished Creatures (collateral kills)
  Crazy Yiuf (D:2)
  An orc wizard (D:4)
  4 adders
  4 gnolls (D:2)
  A dart slug (D:1)
  An orc (D:4)
  2 bats
  5 endoplasms
  3 giant cockroaches
  2 hobgoblins (D:1)
  4 ball pythons (D:1)
  A frilled lizard (D:3)
  3 goblins
  5 kobolds
  A rat (D:1)
38 creatures vanquished.

Grand Total: 60 creatures vanquished

Notes
Turn   | Place    | Note
-------+----------+-------------------------------------------
     0 | D:1      | Arcadio the Deep Elf Summoner began the quest for the Orb.
     0 | D:1      | Reached XP level 1. HP: 10/10 MP: 6/6
   168 | D:1      | Reached XP level 2. HP: 13/15 MP: 6/8
   171 | D:1      | Learned a level 2 spell: Call Imp
   664 | D:1      | Reached XP level 3. HP: 16/19 MP: 6/10
  1517 | D:2      | Reached skill level 5 in Summonings
  1706 | D:2      | Reached XP level 4. HP: 23/24 MP: 9/12
  1818 | D:2      | Learned a level 3 spell: Call Canine Familiar
  1822 | D:2      | Learned a level 3 spell: Summon Guardian Golem
  1875 | D:2      | Found a runed translucent door.
  1876 | D:2      | Noticed Crazy Yiuf
  2240 | D:2      | Killed Crazy Yiuf
  2241 | D:2      | Reached XP level 5. HP: 28/28 MP: 1/14
  2495 | D:3      | Found a faded altar of an unknown god.
  2504 | D:3      | Prayed at the altar of an unknown god.
  2504 | D:3      | Became a worshipper of Lugonu the Unformed
  2504 | D:3      | Reached * piety under Lugonu
  2653 | D:3      | Found a radiant altar of Vehumet.
  2656 | D:3      | Found a white marble altar of Elyvilon.
  2802 | D:3      | Learned a level 4 spell: Summon Lightning Spire
  3184 | D:4      | Reached skill level 5 in Spellcasting
  3428 | D:4      | Noticed Duvessa
  3428 | D:4      | Noticed Dowan
  3450 | D:4      | Succumbed to Duvessa's poison

Illustrated notes

Levels and vault maps discovered:
D:1:      minmay_arrival_nine_rooms, layout_basic, hangedman_decor_lopped,
          chequers_serial_rivers_marsh, st_stairs_7
D:2:      layout_basic, minivault_26, uniq_crazy_yiuf_cottage
D:3:      layout_loops_cross, grunt_temple_overflow_open,
          shapermc_ecumenical_altar_pompeii, minivault_11, minmay_cut_off
D:4:      layout_basic, uniq_menkaure, uniq_duvessa

Skill      XL: |  1  2  3  4  5 |
---------------+----------------+-----
Dodging        | 3 4 |  4.5
Spellcasting   | 4 5 |  5.0
Summonings     | 5 |  5.5
Stealth        | |  2.4

Action                     |  1- 3 |  4- 6 || total
---------------------------+-------+-------++-------
  Melee: Unarmed           |    24 |       ||    24
         Dagger            |    66 |    30 ||    96
         Whip              |    13 |       ||    13
   Cast: Summon Small Mamm |    26 |     6 ||    32
         Call Imp          |     9 |    12 ||    21
         Call Canine Famil |       |     8 ||     8
    Use: Potion            |       |     4 ||     4
         Scroll            |       |     1 ||     1
   Stab: Distracted        |     1 |       ||     1
         Sleeping          |     3 |     2 ||     5
 Armour: Robe              |    31 |     5 ||    36
  Dodge: Dodged            |    80 |    28 ||   108

Table legend: (Time is in decaauts)
 A = Elapsed time spent in this place.
 B = Non-inter-level travel time spent in this place.
 C = Inter-level travel time spent in this place.
 D = Time resting spent in this place.
 E = Time spent auto-exploring this place.
 F = Levels seen in this place.
 G = Mean time per level.
                   A        B        C        D        E       F      G
               +--------+--------+--------+--------+--------+-----+--------+
         Total |   3452 |   3327 |    125 |    114 |   2460 |   4 |  863.0 |
       Dungeon |   3452 |   3327 |    125 |    114 |   2460 |   4 |  863.0 |
               +--------+--------+--------+--------+--------+-----+--------+

Top non-repeatable levels by time:
     D:1: 1377 daAuts
     D:2: 1044 daAuts
     D:3: 715 daAuts
     D:4: 315 daAuts
